 Dungeon Crawl Stone Soup version 0.27-a0-1591-gc56fcc985a (webtiles) character file.

Game seed: 2827018804748293204

945 Mitsuki the Shield-Bearer (level 7, 0/63 HPs)
             Began as a Minotaur Fighter on July 19, 2021.
             Was an Initiate of Yredelemnul.
             Killed from afar by a steam dragon (13 damage)
             ... with a ball of steam
             ... on level 6 of the Dungeon.
             The game lasted 00:06:49 (5532 turns).

Mitsuki the Shield-Bearer (Minotaur Fighter)        Turns: 5532, Time: 00:06:50

Health: 0/63       AC: 12    Str: 22    XL:     7   Next: 89%
Magic:  6/6        EV:  7    Int:  5    God:    Yredelemnul [......]
Gold:   271        SH: 10    Dex: 10    Spells: 6/6 levels left

rFire    . . .     SeeInvis .   a - +0 long sword
rCold    . . .     Faith    .   c - +0 kite shield
rNeg     . . .     Spirit   .   t - +0 chain mail
rPois    .         Reflect  .   (helmet restricted)
rElec    .         Harm     .   n - +1 cloak
rCorr    +         Rampage  .   (no gloves)
Will     .....                  (no boots)
Stlth    ..........             (no amulet)
HPRegen  0.20/turn              m - ring of resist corrosion
MPRegen  0.10/turn              (no ring)

@: no status effects
A: horns 2, retaliatory headbutt
a: Renounce Religion


You were on level 6 of the Dungeon.
You worshipped Yredelemnul.
Yredelemnul was noncommittal.
You visited 2 branches of the dungeon, and saw 7 of its levels.

You collected 271 gold pieces.

Inventory:

Hand Weapons
 a - a +0 long sword (weapon)
Armour
 c - a +0 kite shield (worn)
 n - a +1 cloak (worn)
 t - a +0 chain mail (worn)
Jewellery
 m - a ring of resist corrosion (left hand)
Scrolls
 b - a scroll of immolation {unknown}
 f - 2 scrolls of identify {unknown}
 g - 4 scrolls of teleportation {unknown}
 h - 4 scrolls of fog {unknown}
 i - a scroll of vulnerability {unknown}
 j - 2 scrolls of enchant weapon {unknown}
 k - 3 scrolls of noise {unknown}
 l - a scroll of holy word {unknown}
 r - a scroll of fear {unknown}
 s - a scroll of amnesia {unknown}
Potions
 d - a potion of might
 e - a potion of invisibility {unknown}
 o - a potion of cancellation {unknown}
 p - a potion of resistance {unknown}
 q - a potion of curing {unknown}


   Skills:
 + Level 6.0 Fighting
 + Level 5.4 Long Blades
 + Level 5.9 Armour
 + Level 3.9 Dodging
 + Level 6.1 Shields
 * Level 0.7 Invocations


You had 6 spell levels left.
You didn't know any spells.
Your spell library contained the following spells:

 Spells                   Type           Power      Damage    Failure   Level
 Animate Skeleton         Necr           0%         N/A       100%        1
 Apportation              Tloc           0%         N/A       100%        1
 Corona                   Hex            0%         N/A       100%        1
 Summon Small Mammal      Summ           0%         N/A       100%        1


Dungeon Overview and Level Annotations

Branches:
Dungeon (6/15)             Temple (1/1) D:5

Altars:
Ashenzari
Cheibriados
Dithmenos
Elyvilon
Fedhas
Gozag
Hepliaklqana
Kikubaaqudgha
Nemelex Xobeh
Okawaru
Qazlal
Ru
Sif Muna
Xom
Yredelemnul
Zin
The Shining One

Annotations:
D:6 Eustachio


Innate Abilities, Weirdness & Mutations

You have a pair of horns on your head.
You reflexively headbutt those who attack you in melee.


Message History

You closely miss the bat. You headbutt the bat, but do no damage.
You miss the bat. You headbutt the bat.
You kill the bat!
The bat's corpse disappears in a puff of smoke!
The steam dragon breathes steam at you. The ball of steam hits you!
You take 13 damage, and have 50/63 hp.
MASSIVE DAMAGE!!
You are engulfed in a cloud of scalding steam.
You take 4 damage, and have 46/63 hp.
You are engulfed in a cloud of scalding steam.
You are engulfed in a cloud of scalding steam.
You take 1 damage, and have 45/63 hp.
The steam dragon breathes steam at you. The ball of steam hits you!
You take 9 damage, and have 36/63 hp.
You are engulfed in a cloud of scalding steam.
You take 10 damage, and have 26/63 hp.
The bat is engulfed in a cloud of scalding steam.
The bat is engulfed in a cloud of scalding steam.
The bat dies!
The bat's corpse disappears in a puff of smoke!
The bat is engulfed in a cloud of scalding steam.
The bat dies!
The bat's corpse disappears in a puff of smoke!
Eustachio gestures wildly while chanting.
Eustachio blinks!
Eustachio mumbles some strange words.
Eustachio blinks!
The steam dragon breathes steam at you. The ball of steam misses you.
You are engulfed in a cloud of scalding steam.
You take 2 damage, and have 26/63 hp.
The steam dragon breathes steam at you. The ball of steam hits you!
* * * LOW HITPOINT WARNING * * *
You take 14 damage, and have 12/63 hp.
MASSIVE DAMAGE!!
The steam dragon breathes steam at you. The ball of steam hits you!
You die...
Your body rises from the dead as a mindless zombie.

##.#### #..#
####.##
##....D##
#.......#
########
##......#
#.......
##....§#
#......#
####.§####.....#
####
###..@......#
#..#####
##..>####..###
##.....####..###
#...#
####......####
##..# #######
####......#
#<.#####......
##.######
##..#.........
###..#
#............
###....#
##...........
##......#
#............


There were no monsters in sight!

Vanquished Creatures
  A black bear (D:4)
  A sky beast (D:4)
  An ogre (D:4)
  A scorpion (D:5)
  A centaur zombie (D:5)
  4 hounds
  A bullfrog zombie (D:6)
  A centaur skeleton (D:6)
  A bullfrog skeleton (D:5)
  A jelly (D:5)
  2 orc priests (D:3)
  2 orc wizards (D:3)
  Natasha (D:2)
  An iguana (D:5)
  A hound skeleton (D:5)
  9 adders
  A white imp (D:6)
  2 worms
  2 dart slugs (D:3)
  5 orcs
  6 bats
  6 endoplasms
  2 giant cockroaches
  3 hobgoblins
  8 jackals
  6 quokkas
  3 ball pythons
  2 frilled lizards
  5 goblins
  10 kobolds
  10 rats
100 creatures vanquished.

Vanquished Creatures (others)
  3 toadstools (D:4)
3 creatures vanquished.

Grand Total: 103 creatures vanquished

Notes
Turn   | Place    | Note
-------+----------+-------------------------------------------
     0 | D:1      | Mitsuki the Minotaur Fighter began the quest for the Orb.
     0 | D:1      | Reached XP level 1. HP: 19/19 MP: 0/0
   192 | D:1      | Reached XP level 2. HP: 27/27 MP: 1/1
  1169 | D:2      | Reached XP level 3. HP: 27/33 MP: 2/2
  1496 | D:2      | Noticed Natasha
  1507 | D:2      | Killed Natasha
  1508 | D:2      | Reached skill level 1 in Dodging
  1508 | D:2      | Reached XP level 4. HP: 12/40 MP: 3/3
  1965 | D:3      | Reached XP level 5. HP: 24/47 MP: 4/4
  2235 | D:3      | Found a glowing golden altar of the Shining One.
  2452 | D:3      | Found a shadowy altar of Dithmenos.
  3477 | D:4      | Noticed a black bear
  3486 | D:4      | Killed a black bear
  3487 | D:4      | Reached skill level 5 in Fighting
  3487 | D:4      | Reached skill level 5 in Armour
  3487 | D:4      | Reached skill level 5 in Shields
  3487 | D:4      | Reached XP level 6. HP: 51/56 MP: 5/5
  3753 | D:4      | Noticed a sky beast
  3861 | D:4      | Killed a sky beast
  4010 | D:4      | Reached XP level 7. HP: 56/61 MP: 6/6
  4043 | D:4      | Found an ancient bone altar of Kikubaaqudgha.
  4282 | D:5      | Entered Level 5 of the Dungeon
  4288 | D:4      | HP: 1/61 [ogre (21)]
  4819 | D:5      | Reached skill level 5 in Long Blades
  4868 | D:5      | Found a staircase to the Ecumenical Temple.
  4888 | Temple   | Entered the Ecumenical Temple
  4894 | Temple   | Became a worshipper of Yredelemnul the Dark
  5505 | D:6      | Noticed Eustachio
  5507 | D:6      | Noticed a steam dragon
  5532 | D:6      | Killed from afar by a steam dragon

Illustrated notes

Levels and vault maps discovered:
D:1:      dpeg_arrival_signposts, layout_loops_cross, minmay_heptomino_d4
D:2:      layout_rooms, st_stairs_13, uniq_natasha
D:3:      layout_basic, old_standard_altar, nicolae_tso_carved_into_rock,
          minivault_27
D:4:      layout_gridville, kiku_gazebo_pond_becter, minmay_gold_behind_fungi,
          hangedman_abyss_or_decor_passed, chequers_serial_rivers_micro_b
D:5:      layout_rooms, minmay_temple_entry_waves, serial_bayou_ford_a
D:6:      layout_cave_pods, minmay_crystal_water, uniq_maggie,
          uniq_crazy_yiuf_cottage, uniq_eustachio
Temple:   eino_narrow_crystal_temple

Skill      XL: |  1  2  3  4  5  6  7 |
---------------+----------------------+-----
Shields        | 4 5 6 |  6.1
Fighting       | 4 5 6 |  6.0
Armour         | 4 5 |  5.9
Long Blades    | 3 4 5 |  5.4
Dodging        | 1 2 3 |  3.9
Invocations    | |  0.7

Action                   |  1- 3 |  4- 6 |  7- 9 || total
-------------------------+-------+-------+-------++-------
Melee: Long sword        |   103 |   109 |    64 ||   276
       Headbutt          |    14 |    29 |    14 ||    57
Armor: Scale mail        |    61 |    43 |    30 ||   134
       Chain mail        |       |       |    15 ||    15
Dodge: Dodged            |    25 |    38 |    26 ||    89
Block: Kite shield       |    50 |    52 |    56 ||   158
       Rpst.: Long sword |     9 |    13 |     9 ||    31

Table legend: (Time is in decaauts)
 A = Elapsed time spent in this place.
 B = Non-inter-level travel time spent in this place.
 C = Inter-level travel time spent in this place.
 D = Time resting spent in this place.
 E = Time spent auto-exploring this place.
 F = Levels seen in this place.
 G = Mean time per level.
                   A        B        C        D        E       F      G
               +--------+--------+--------+--------+--------+-----+--------+
         Total |   5660 |   5432 |    228 |    609 |   4123 |   7 |  808.6 |
       Dungeon |   5471 |   5256 |    215 |    609 |   3959 |   6 |  911.8 |
        Temple |    188 |    175 |     13 |      0 |    164 |   1 |  188.0 |
               +--------+--------+--------+--------+--------+-----+--------+

Top non-repeatable levels by time:
     D:3: 1445 daAuts
     D:4: 1236 daAuts
     D:1: 1088 daAuts
     D:2: 916 daAuts
     D:5: 619 daAuts
  Temple: 188 daAuts
     D:6: 164 daAuts
